 Dungeon Crawl Stone Soup version 0.27-a0-1555-g0e7b3fb1d2 (webtiles) character file.

Game seed: 4873215870831190588

61 kr4n3x the Digger (level 4, -3/24 HPs)
             Began as a Gargoyle Earth Elementalist on July 14, 2021.
             Killed from afar by an orc wizard (5 damage)
             ... with a magic dart
             ... on level 3 of the Dungeon.
             The game lasted 00:06:13 (2330 turns).

kr4n3x the Digger (Gargoyle Earth Elementalist)     Turns: 2330, Time: 00:06:14

Health: -3/24      AC:  5    Str: 11    XL:     4   Next: 7%
Magic:  8/8        EV: 11    Int: 17    God:
Gold:   29         SH:  0    Dex: 10    Spells: 5/9 levels left

rFire    . . .     SeeInvis .   h - +2 whip (venom)
rCold    . . .     Faith    .   (no shield)
rNeg     + . .     Spirit   .   b - +0 robe
rPois    ∞         Reflect  .   (no helmet)
rElec    +         Harm     .   (no cloak)
rCorr    .         Rampage  .   (no gloves)
Will     .....                  (no boots)
Stlth    ++........             (no amulet)
HPRegen  0.08/turn              (no ring)
MPRegen  0.11/turn              (no ring)

@: flying, hasted, very quick
A: sickness immunity, AC +3, negative energy resistance 1, electricity
resistance, torment resistance 1, petrification resistance
a: no special abilities


You were on level 3 of the Dungeon.
You visited 1 branch of the dungeon, and saw 3 of its levels.

You collected 29 gold pieces.


Innate Abilities, Weirdness & Mutations

You are immune to sickness and miasma.
Your stone body is resilient. (AC +3)
You are immune to poison.
You resist negative energy. (rN+)
You are resistant to electric shocks. (rElec)
You are resistant to unholy torment.
You are immune to petrification.


   Skills:
 - Level 1.5 Dodging
 - Level 2.1 Stealth
 + Level 3.0 Spellcasting
 + Level 1.1 Conjurations
 - Level 0.7 Transmutations
 + Level 4.7 Earth Magic


You had 5 spell levels left.
You knew the following spells:

 Your Spells              Type           Power      Damage    Failure   Level
w - Stone Arrow           Conj/Erth      24%        3d8       16%         3
z - Sandblast             Erth           36%        2d10      2%          1

Your spell library contained the following spells:

 Spells                   Type           Power      Damage    Failure   Level
 Passwall                 Tmut/Erth      9%         N/A       9%          2
 Call Canine Familiar     Summ           2%         N/A       45%         3
 Portal Projectile        Hex/Tloc       4%         N/A       45%         3
 Petrify                  Tmut/Erth      11%        N/A       50%         4
 Leda's Liquefaction      Hex/Erth       5%         N/A       54%         4

Inventory:

Hand Weapons
 h - a +2 whip of venom (weapon)
Missiles
 c - 37 stones
Armour
 b - a +0 robe (worn)
Scrolls
 d - 2 scrolls of identify {unknown}
 f - a scroll of brand weapon {unknown}
 g - 2 scrolls of teleportation {unknown}
 i - a scroll of immolation {unknown}
 l - a scroll of vulnerability {unknown}
 m - a scroll of enchant armour {unknown}
 n - a scroll of blinking {unknown}
Potions
 e - a potion of curing {unknown}
 j - a potion of resistance {unknown}

Dungeon Overview and Level Annotations

Branches:
Dungeon (3/15)

Altars:

Annotations:
D:2 Sigmund

.....†..#####).##.....######...#.
.......## ##.##.....# #.#.#.
..#.#.## #†##.....# #.#.#.
....#.# #†##.....# #..... .......
#.##.....# ###... ###...#.
#.o#.....# #### #..... ##{#..†..#
#...# # #.###.###########
#.@##.#.........#
../.....##)#[#######.#
.........#.#.# #.#
.........#.#.## #.###
..............# #....
........#.....# #####
........#.>...# ........#######
###### .. #.....


You could see an orc.


Message History

You closely miss the jackal.
The jackal bites you but does no damage.
The orc wizard casts a spell.
The orc wizard flickers and vanishes!
Deactivating autopickup; reactivate with Ctrl-A.
The jackal bites you but does no damage.
You closely miss the jackal. The jackal bites you. Something hits you.
You hit the jackal.
The jackal is poisoned.
The jackal is lightly wounded.
The jackal bites you but does no damage.
Something hits you but does no damage. The jackal barely misses you.
You hit the jackal.
The jackal looks as sick as possible!
The jackal is severely wounded.
Something hits you!
* * * LOW HITPOINT WARNING * * *
The jackal bites you but does no damage.
You kill the jackal!
Something hits you.
* * * LOW HITPOINT WARNING * * *
Found a blackened gold wand.
A magic dart appears from out of thin air!
The magic dart hits you!
* * * LOW HITPOINT WARNING * * *
It was a potion of flight.
You feel very buoyant.
You fly up into the air.
It was a potion of haste.
You feel yourself speed up.
A magic dart appears from out of thin air!
The magic dart hits you.
You die...

Skill      XL: |  1  2  3  4 |
---------------+-------------+-----
Earth Magic    | 4 |  4.7
Conjurations   | 1 |  1.1
Spellcasting   | 3 |  3.0
Dodging        | |  1.5
Stealth        | |  2.1
Transmutations | |  0.7

Action                   |  1- 3 |  4- 6 || total
-------------------------+-------+-------++-------
Melee: Mace              |    62 |       ||    62
       Whip              |    42 |    12 ||    54
 Cast: Sandblast         |    20 |       ||    20
  Use: Potion            |       |     2 ||     2
 Stab: Sleeping          |     5 |       ||     5
Armor: Robe              |    40 |     7 ||    47
Dodge: Dodged            |    71 |     9 ||    80

Levels and vault maps discovered:
D:1:      elethiomel_arrival_infinity_welcomes_careful_drivers, layout_rooms
D:2:      minmay_thinvault, layout_rooms, basic_altar, minmay_tromino_i4,
          uniq_jessica, uniq_terence, uniq_sigmund
D:3:      layout_basic, hangedman_abyss_or_decor_stabs, uniq_crazy_yiuf_cottage

Notes
Turn   | Place    | Note
-------+----------+-------------------------------------------
     0 | D:1      | kr4n3x the Gargoyle Earth Elementalist began the quest for
                  | the Orb.
     0 | D:1      | Reached XP level 1. HP: 10/10 MP: 3/3
   378 | D:1      | Reached XP level 2. HP: 14/15 MP: 5/5
   380 | D:1      | Reached skill level 4 in Earth Magic
  1126 | D:1      | Reached XP level 3. HP: 18/19 MP: 6/6
  1130 | D:1      | Learned a level 3 spell: Stone Arrow
  1588 | D:2      | Noticed Sigmund
  2281 | D:3      | Reached skill level 1 in Conjurations
  2313 | D:3      | Reached XP level 4. HP: 22/24 MP: 8/8
  2316 | D:3      | Reached skill level 3 in Spellcasting
  2328 | D:3      | HP: 2/24 [something/magic dart (8)]
  2330 | D:3      | Killed from afar by an orc wizard

Vanquished Creatures
  2 dart slugs
  5 orcs (D:3)
  2 ball pythons
  5 bats
  3 endoplasms (D:1)
  A giant cockroach (D:1)
  4 goblins
  3 hobgoblins
  6 jackals
  3 kobolds (D:1)
  2 quokkas (D:1)
  2 frilled lizards (D:1)
  9 rats
47 creatures vanquished.

Table legend: (Time is in decaauts)
 A = Elapsed time spent in this place.
 B = Non-inter-level travel time spent in this place.
 C = Inter-level travel time spent in this place.
 D = Time resting spent in this place.
 E = Time spent auto-exploring this place.
 F = Levels seen in this place.
 G = Mean time per level.
                   A        B        C        D        E       F      G
               +--------+--------+--------+--------+--------+-----+--------+
         Total |   2359 |   2341 |     18 |    553 |   1332 |   3 |  786.3 |
       Dungeon |   2359 |   2341 |     18 |    553 |   1332 |   3 |  786.3 |
               +--------+--------+--------+--------+--------+-----+--------+

Top non-repeatable levels by time:
     D:1: 1606 daAuts
     D:3: 487 daAuts
     D:2: 266 daAuts

Table legend:
 A = Non-vault XP
 B = Vault XP
 C = Vault XP percentage of total XP
 D = Non-vault monster count
 E = Vault monster count
 F = Vault count percentage of total count
                 A         B        C        D         E       F
            +---------+---------+-------+---------+---------+-------
      Total |      83 |       5 |   5.7 |      43 |       4 |   8.5
            +---------+---------+-------+---------+---------+-------
        D:1 |      45 |       0 |   0.0 |      25 |       0 |   0.0
        D:2 |       6 |       5 |  45.5 |       4 |       4 |  50.0
        D:3 |      32 |       0 |   0.0 |      14 |       0 |   0.0
            +---------+---------+-------+---------+---------+-------
